 Dungeon Crawl Stone Soup version 0.30-b1-2-g02819fbbbe (webtiles) character file.

Game seed: 8622112298710716697

11 Arcadio the Ducker (level 2, -2/22 HPs)
             Began as a Djinni Fire Elementalist on May 17, 2023.
             Shot with a sling bullet by a goblin (6 damage)
             ... led by Robin
             ... on level 2 of the Dungeon.
             The game lasted 00:00:52 (438 turns).

Arcadio the Ducker (Djinni Fire Elementalist)        Turns: 438, Time: 00:00:53

Health: -2/22      AC:  2    Str:  7    XL:     2   Next: 40%
Gold:   8          EV: 12    Int: 16    God:
                   SH:  0    Dex: 13

rFire   + + .        b - +0 dagger
rCold   x . .        (no shield)
rNeg    . . .        a - +0 robe
rPois   ∞            (no helmet)
rElec   .            (no cloak)
rCorr   .            (no gloves)
SInv    .            (boots unavailable)
Will    .....        (no amulet)
Stlth   ++           (no ring)
HPRegen 0.23/turn    (no ring)
MPRegen 0.00/turn

%: infuse magic (-3 HP)
@: flying
A: sickness immunity, fire resistance 2, cold vulnerability 1, float, innate
caster, HP casting, extra vitality 1
a: no special abilities


You were on level 2 of the Dungeon.
You visited 1 branch of the dungeon, and saw 2 of its levels.

You collected 8 gold pieces.

Inventory:

Hand Weapons
 b - a +0 dagger (weapon)
Armour
 a - a +0 robe (worn)


   Skills:
 + Level 0.8 Fighting
 + Level 2.6 Dodging
 - Level 1.5 Stealth
 + Level 2.6 Spellcasting


You knew the following spells:

 Your Spells              Type           Power      Damage    Failure   Level
a - Foxfire               Conj/Fire      40%        2x1d6     7%          1
b - Scorch                Fire           20%        2d6       10%         2
c - Volatile Blastmotes   Fire/Tloc      20%        2d11      21%         3
d - Inner Flame           Hex/Fire       10%        N/A       21%         3
e - Flame Wave            Conj/Fire      10%        2d6       54%         4
Your spell library was empty.

Dungeon Overview and Level Annotations

Branches:
Dungeon (2/15) Zot: 11560

Altars:

Annotations:
D:2 Robin


Innate Abilities, Weirdness & Mutations

You are immune to sickness and miasma.
You are immune to poison.
Your flesh is very heat resistant. (rF++)
You are vulnerable to cold. (rC-)
You float through the air rather than walking.
You learn spells naturally, not from books.
Your magical power is your life essence.
You have superior vitality. (+4 MHP)


Message History

There is a stone staircase leading up here.
A goblin comes into view. It is wielding a +0 dagger.
There is a stone staircase leading up here.
You fly upwards.
The jackal barely misses you. x2
The jackal closely misses you. The jackal misses you.
There is a stone staircase leading down here.
The jackal bites you. The jackal closely misses you.
You fly downwards.
There is a stone staircase leading up here.
Casting: Foxfire (safe; 7% risk of failure)
Confirm with . or Enter, or press ? or * to list all spells.
Flames lash the jackal.
You kill the jackal!
You hear a shout!
The jackal bites you. x2
Casting: Scorch (safe; 11% risk of failure)
Confirm with . or Enter, or press ? or * to list all spells.
Flames lash the jackal.
You kill the jackal!
A goblin comes into view. It is wielding a +0 club.
Robin and a goblin come into view.
A goblin comes into view. It is wielding a +0 club.
Casting: Scorch (safe; 11% risk of failure)
Confirm with . or Enter, or press ? or * to list all spells.
Flames lash the goblin.
You kill the goblin!
The goblin shouts!
You hear a shout! x4
Robin throws the goblin at you!
A goblin comes into view. It is wielding a +0 dagger.
A goblin comes into view. It is wielding a +0 club.
The goblin hits you with a +0 club.
The goblin unwields a +0 club.
The goblin wields a +1 sling of flaming.
It bursts into flame!
The goblin shoots a sling bullet.
The sling bullet closely misses you.
A goblin comes into view. It is wielding a +0 dagger.
Robin throws the goblin at you! The goblin closely misses you.
The goblin hits you with a +0 club.
* * * LOW HITPOINT WARNING * * *
The goblin shoots a sling bullet.
The sling bullet hits you.
You die...

###########
#.........#
#.......(.#
#...g.....#
#...@<....#
#)..g>....#
ggg..........#
g..g#.........#
.g# #.........#
# ###########


You could see Robin and 6 goblins.

Vanquished Creatures
  An endoplasm (D:1)
  A goblin (D:2)
  A hobgoblin (D:1)
  3 jackals (D:2)
  2 quokkas (D:1)
  A kobold (D:1)
9 creatures vanquished.

Vanquished Creatures (others)
  22 foxfires
  3 plants (D:2)
25 creatures vanquished.

Grand Total: 34 creatures vanquished

Notes
Turn   | Place    | Note
-------+----------+-------------------------------------------
     0 | D:1      | Arcadio the Djinni Fire Elementalist began the quest for
                  | the Orb.
     0 | D:1      | Arcadio set off with the following spells memorised:
                  | Foxfire, Scorch, Volatile Blastmotes, Inner Flame, Flame
                  | Wave.
     0 | D:1      | Reached XP level 1. HP: 15/15 MP: 0/0
   183 | D:1      | Reached XP level 2. HP: 19/22 MP: 0/0
   436 | D:2      | Noticed Robin
   438 | D:2      | Shot with a sling bullet by a goblin

Illustrated notes

Levels and vault maps discovered:
D:1:      lemuel_arrival_hallway, layout_loops_ring, hangedman_decor_points
D:2:      layout_rooms, shapermc_ecumenical_altar_mp_ritualfount, serial_rivers,
          chequers_serial_rivers_room_b, chequers_serial_rivers_micro_d,
          chequers_serial_rivers_room_b, chequers_serial_rivers_large_b,
          chequers_serial_rivers_room_a, uniq_robin, uniq_sigmund

Action                     || total
---------------------------++-------
  Melee: Dagger            ||     6
   Cast: Foxfire           ||    20
         Scorch            ||     3
 Armour: Robe              ||     3
  Dodge: Dodged            ||    24
